 Dungeon Crawl Stone Soup version 0.32-a0-17-gb74e046682 (webtiles) character file.

Game seed: 7649981888592202027

338 hikkokomori the Apothecary (level 6, 0/44 HPs)
             Began as a Gnoll Wanderer on Jan 15, 2024.
             Slain by a gnoll
             ... wielding a +0 club
              (3 damage)
             ... on level 3 of the Dungeon.
             The game lasted 00:07:55 (3767 turns).

hikkokomori the Apothecary (Gnoll Wanderer)         Turns: 3767, Time: 00:07:56

Health: 0/44       AC:  4    Str: 11    XL:     6   Next: 55%
Magic:  20/20      EV: 12    Int: 11    God:
Gold:   260        SH:  0    Dex: 14    Spells: 9/12 levels left

rFire   + . .        a - +0 falchion
rCold   + . .        (no shield)
rNeg    . . .        d - +0 leather armour
rPois   .            (no helmet)
rElec   .            u - scarf {rC+ rF+}
rCorr   .            (no gloves)
SInv    .            o - +0 pair of boots
Will    .....        (no amulet)
Stlth   ++           i - ring of magical power
HPRegen 0.27/turn    l - ring of flight
MPRegen 0.17/turn

%: no passive effects
@: flying
A: fangs 1, strong nose, distributed training
a: no special abilities


You were on level 3 of the Dungeon.
You visited 1 branch of the dungeon, and saw 3 of its levels.

You collected 260 gold pieces.

Inventory:

Hand Weapons
 a - a +0 falchion (weapon)
 f - a +0 rapier
Armour
 d - a +0 leather armour (worn)
 o - a +0 pair of boots (worn)
 u - a scarf of resistance (worn)
Magical Staves
 p - a staff of fire
Jewellery
 i - a ring of magical power (left hand)
 l - a ring of flight (right hand)
Wands
 b - a wand of flame (2)
Scrolls
 c - 2 scrolls of fear
 h - 2 scrolls of poison {unknown}
 j - a scroll of butterflies
 k - 2 scrolls of identify {unknown}
 n - a scroll of immolation {unknown}
 s - 2 scrolls of teleportation {unknown}
Potions
 e - a potion of degeneration {unknown}
 g - a potion of magic {unknown}
 m - a potion of might {unknown}
 q - a potion of berserk rage {unknown}
 r - a potion of brilliance {unknown}
 t - a potion of heal wounds {unknown}
 v - a potion of haste {unknown}


   Skills:
 + Level 2.1 Fighting
 + Level 2.1 Short Blades
 + Level 5.0 Long Blades
 + Level 2.1 Axes
 + Level 2.1 Maces & Flails
 + Level 2.1 Polearms
 + Level 2.1 Staves
 + Level 2.1 Ranged Weapons
 + Level 2.1 Throwing
 + Level 2.1 Armour
 + Level 2.1 Dodging
 + Level 2.1 Stealth
 + Level 2.1 Shields
 + Level 2.1 Unarmed Combat
 + Level 3.5 Spellcasting
 + Level 1.6 Conjurations
 + Level 1.6 Hexes
 + Level 1.6 Summonings
 + Level 1.6 Necromancy
 + Level 1.6 Translocations
 + Level 1.6 Fire Magic
 + Level 1.6 Ice Magic
 + Level 1.6 Air Magic
 + Level 1.6 Earth Magic
 + Level 7.3 Alchemy
 + Level 2.3 Invocations
 + Level 6.9 Evocations
 + Level 1.9 Shapeshifting


You had 9 spell levels left.
You knew the following spells:

 Your Spells              Type           Power      Damage    Failure   Level
a - Sting                 Conj/Alch      44%        1d5       5%          1
b - Cigotuvi's Dreadful   Necr/Alch/Air  18%        N/A       12%         2

Your spell library contained the following spells:

 Spells                   Type           Power      Damage    Failure   Level
 Mercury Vapours          Alch/Air       22%        N/A       8%          2
 Olgreb's Toxic Radiance  Alch           18%        N/A       16%         4
 Kiss of Death            Conj/Necr      20%        2d7       17%         1
 Confusing Touch          Hex            5%         N/A       45%         3
 Sticky Flame             Fire/Alch      11%        2d5       45%         4
 Dispel Undead            Necr           5%         3d7       86%         4
 Conjure Ball Lightning   Conj/Air       2%         3x3d6     100%        6
 Discord                  Hex            2%         N/A       100%        8
 Disjunction              Tloc           2%         N/A       100%        8


Dungeon Overview and Level Annotations

Branches:
Dungeon (3/15)

Altars:
Dithmenos

Shops:
D:1 ?[?


Innate Abilities, Weirdness & Mutations

You have very sharp teeth.
Your uncanny sense of smell can sniff out nearby items.
Your experience applies equally to all skills.


Message History

There are monsters nearby!
Unknown command.
A gnoll comes into view. It is wielding a +0 spear.
The kobold throws a stone.
The stone closely misses you. The kobold hits you with a +0 club.
The gnoll hits you from afar with a +0 spear.
The kobold hits you.
You hit the kobold.
The kobold is heavily wounded.
The kobold hits you with a +0 club. The gnoll closely misses you.
The kobold misses you. The kobold hits you but does no damage.
A gnoll comes into view. It is wielding a +0 club.
You closely miss the kobold.
The kobold is heavily wounded.
The gnoll completely misses you.
A gnoll comes into view. It is wielding a +0 spear.
The kobold hits you but does no damage. x2
You hit the kobold.
You kill the kobold!
The kobold hits you with a +0 club. The gnoll barely misses you.
The kobold brigand hits you with a +0 dagger.
The kobold hits you with a +0 club.
You barely miss the kobold brigand. Your bite misses the kobold brigand.
A kobold comes into view. It is wielding a +0 club.
The kobold hits you but does no damage. The gnoll closely misses you.
The kobold brigand hits you with a +0 dagger.
The kobold hits you but does no damage. The gnoll closely misses you.
You hit the kobold brigand.
The kobold brigand is moderately wounded.
The kobold hits you with a +0 club. The gnoll closely misses you.
The kobold hits you but does no damage. The kobold brigand closely misses you.
The gnoll hits you with a +0 club. The gnoll closely misses you.
The gnoll hits you from afar with a +0 spear!
* * * LOW HITPOINT WARNING * * *
The kobold brigand hits you with a +0 dagger.
* * * LOW HITPOINT WARNING * * *
The kobold barely misses you. The kobold hits you with a +0 club.
* * * LOW HITPOINT WARNING * * *
The gnoll hits you with a +0 club.
You die...

≈≈≈≈≈≈≈≈≈≈≈≈≈≈≈≈########
≈≈≈≈≈≈≈≈≈≈≈≈≈≈≈≈≈≈≈≈≈≈≈####
≈≈≈≈≈≈≈≈≈≈≈≈≈≈≈≈≈#####≈≈≈≈##
################## #≈≈≈≈≈#
#.....## ##......# #≈≈≈≈≈#
'......###.......# .#≈≈≈≈≈##
#.......#........##'##≈≈≈≈≈≈#
........#........gK.#≈≈≈≈≈≈≈#
........'.......@Kg.#≈≈≈≈≈≈≈#
))......#.......KKg.#≈≈≈≈≈≈≈##
#)......#.....(..##'##≈≈≈≈≈≈≈#
'......###.......# .#≈≈≈≈≈≈≈#
#.....## ##......# #≈≈≈≈≈≈≈#
################## #≈≈≈≈≈≈≈#
≈≈≈≈≈≈≈≈≈≈≈≈≈≈≈≈≈#####≈≈≈≈≈≈≈#
≈≈≈≈≈≈≈≈≈≈≈≈≈≈≈≈≈≈≈≈≈≈≈≈≈≈≈≈≈#
~~~~~~~~~~~~~~~≈~~~~~~~≈≈~~≈~#


You could see a kobold brigand, 3 gnolls and 3 kobolds.

Vanquished Creatures
  A hound (D:3)
  2 orc wizards (D:3)
  An iguana (D:3)
  11 gnolls (D:3)
  An adder (D:3)
  2 ribbon worms (D:3)
  2 dart slugs
  2 orcs
  5 ball pythons
  3 bats
  5 endoplasms
  A giant cockroach (D:1)
  9 goblins
  13 hobgoblins
  39 kobolds
  4 quokkas
  6 frilled lizards
  3 rats
110 creatures vanquished.

Notes
Turn   | Place    | Note
-------+----------+-------------------------------------------
     0 | D:1      | hikkokomori the Gnoll Wanderer began the quest for the Orb.
     0 | D:1      | hikkokomori set off with the following items: a +0
                  | falchion, a wand of flame (4), a scroll of fear, a +0
                  | leather armour; and the following spell memorised: Sting;
                  | and the following spells available to memorise: Cigotuvi's
                  | Dreadful Rot, Sticky Flame.
     0 | D:1      | Reached XP level 1. HP: 13/13 MP: 4/4
    35 | D:1      | Found Ewkacw's Magic Scroll Boutique.
    46 | D:1      | Found Lisexifomi's Armour Shoppe.
    58 | D:1      | Found Komarchi's Magic Scroll Shoppe.
   152 | D:1      | Found a faded altar of an unknown god.
   178 | D:1      | Reached XP level 2. HP: 19/19 MP: 5/5
   682 | D:2      | Reached XP level 3. HP: 22/25 MP: 7/7
   969 | D:2      | Reached skill level 1 in Invocations
  1255 | D:2      | Reached skill level 1 in Fighting
  1255 | D:2      | Reached skill level 1 in Short Blades
  1255 | D:2      | Reached skill level 1 in Axes
  1255 | D:2      | Reached skill level 1 in Maces & Flails
  1255 | D:2      | Reached skill level 1 in Polearms
  1255 | D:2      | Reached skill level 1 in Staves
  1255 | D:2      | Reached skill level 1 in Ranged Weapons
  1255 | D:2      | Reached skill level 1 in Throwing
  1255 | D:2      | Reached skill level 1 in Armour
  1255 | D:2      | Reached skill level 1 in Dodging
  1255 | D:2      | Reached skill level 1 in Stealth
  1255 | D:2      | Reached skill level 1 in Shields
  1255 | D:2      | Reached skill level 1 in Unarmed Combat
  1258 | D:2      | Learned a level 2 spell: Cigotuvi's Dreadful Rot
  1566 | D:3      | Reached skill level 1 in Shapeshifting
  1566 | D:3      | Reached XP level 4. HP: 4/32 MP: 8/8
  1568 | D:3      | HP: 1/32 [ribbon worm (4)]
  1891 | D:3      | Found a shadowy altar of Dithmenos.
  2021 | D:3      | Reached skill level 1 in Conjurations
  2021 | D:3      | Reached skill level 1 in Hexes
  2021 | D:3      | Reached skill level 1 in Summonings
  2021 | D:3      | Reached skill level 1 in Necromancy
  2021 | D:3      | Reached skill level 1 in Translocations
  2021 | D:3      | Reached skill level 1 in Fire Magic
  2021 | D:3      | Reached skill level 1 in Ice Magic
  2021 | D:3      | Reached skill level 1 in Air Magic
  2021 | D:3      | Reached skill level 1 in Earth Magic
  2100 | D:3      | Reached XP level 5. HP: 19/37 MP: 9/9
  2760 | D:3      | Reached XP level 6. HP: 44/44 MP: 11/11
  2843 | D:3      | Reached skill level 5 in Long Blades
  3767 | D:3      | Slain by a gnoll

Illustrated notes

Levels and vault maps discovered:
D:1:      tarquinn_simple_flora_water_e, layout_rooms,
          ebering_ecumenical_altar_petrified, serial_shops, shop,
          nicolae_shop_tiny_real_fake_doors, shop
D:2:      layout_loops_ring, serial_aquarium, aquarium_bridge_square
          [aquarium_subvault_window, aquarium_subvault_bridge,
          aquarium_subvault_bridge, aquarium_subvault_window],
          aquarium_bridge_square [aquarium_subvault_window,
          aquarium_subvault_wall, aquarium_subvault_wall,
          aquarium_subvault_bridge], aquarium_window_fake, aquarium_window_2,
          aquarium_window_fake, aquarium_view_2e, aquarium_balcony_3a,
          aquarium_pool_1
D:3:      minmay_goblin_kobold_castle, layout_rooms,
          grunt_dithmenos_smoke_and_mirrors, minmay_fractal_squares_diagonal_5

Skill      XL: |  1  2  3  4  5  6 |
---------------+-------------------+-----
Invocations    | 1 2 |  2.3
Fighting       | 1 2 |  2.1
Short Blades   | 1 2 |  2.1
Axes           | 1 2 |  2.1
Maces & Flails | 1 2 |  2.1
Polearms       | 1 2 |  2.1
Staves         | 1 2 |  2.1
Ranged Weapons | 1 2 |  2.1
Throwing       | 1 2 |  2.1
Armour         | 1 2 |  2.1
Dodging        | 1 2 |  2.1
Stealth        | 1 2 |  2.1
Shields        | 1 2 |  2.1
Unarmed Combat | 1 2 |  2.1
Shapeshifting  | 1 |  1.9
Spellcasting   | 3 |  3.5
Conjurations   | 1 |  1.6
Hexes          | 1 |  1.6
Summonings     | 1 |  1.6
Necromancy     | 1 |  1.6
Translocations | 1 |  1.6
Fire Magic     | 1 |  1.6
Ice Magic      | 1 |  1.6
Air Magic      | 1 |  1.6
Earth Magic    | 1 |  1.6
Long Blades    | 5 |  5.0
Alchemy        | |  7.3
Evocations     | |  6.9

Action                     |  1- 3 |  4- 6 || total
---------------------------+-------+-------++-------
  Melee: Falchion          |   137 |   285 ||   422
         Rapier            |     4 |       ||     4
         Bite              |    11 |    23 ||    34
         Punch             |     1 |     7 ||     8
  Evoke: Wand              |     1 |     1 ||     2
    Use: Potion            |     1 |       ||     1
         Scroll            |       |     3 ||     3
   Stab: Sleeping          |     1 |     5 ||     6
 Armour: Leather armour    |    85 |   214 ||   299
  Dodge: Dodged            |    82 |   184 ||   266

Table legend: (Time is in decaauts)
 A = Elapsed time spent in this place.
 B = Non-inter-level travel time spent in this place.
 C = Inter-level travel time spent in this place.
 D = Time resting spent in this place.
 E = Time spent auto-exploring this place.
 F = Levels seen in this place.
 G = Mean time per level.
                   A        B        C        D        E       F      G
               +--------+--------+--------+--------+--------+-----+--------+
         Total |   3791 |   3682 |    109 |    150 |   2489 |   3 | 1263.7 |
       Dungeon |   3791 |   3682 |    109 |    150 |   2489 |   3 | 1263.7 |
               +--------+--------+--------+--------+--------+-----+--------+

Top non-repeatable levels by time:
     D:3: 2292 daAuts
     D:2: 976 daAuts
     D:1: 522 daAuts
